 Dungeon Crawl Stone Soup version 0.17.0-28-g6e173f8 (webtiles) character file.

71 Heronus the Sneak (level 4, 0/23 HPs)
             Began as a Spriggan Assassin on Nov 30, 2015.
             Was an Initiate of Gozag.
             Slain by a giant newt (2 damage)
             ... on level 3 of the Dungeon on Dec 3, 2015.
             The game lasted 00:11:29 (2113 turns).

Heronus the Sneak (Spriggan Assassin)               Turns: 2113, Time: 00:11:29

Health: 0/23       AC:  4    Str:  7    XL:     4   Next: 5%
Magic:  5/5        EV: 18    Int: 12    God:    Gozag
Gold:   138        SH:  0    Dex: 18    Spells: 1 memorised, 2 levels left

rFire  . . .     SeeInvis +     r - +0 falchion (curse)
rCold  . . .     Clarity  .     c - +1 robe
rNeg   . . .     SustAt   .     (shield restricted)
rPois  +         Gourm    .     (helmet restricted)
rElec  .         Spirit   .     d - +0 cloak
rCorr  .         Warding  .     (gloves unavailable)
rMut   .         Stasis   .     (boots unavailable)
MR     .....                    h - amulet of inaccuracy (curse)
Stlth  ++++......               (no ring)
                                j - ring of poison resistance

@: very quick, not resistant to hostile enchantments, stealthy
A: unfitting armour, see invisible, herbivore 3, speed 3, slow metabolism 2
a: Potion Petition, Call Merchant, Bribe Branch, Renounce Religion


You were on level 3 of the Dungeon.
You worshipped Gozag.
Gozag was noncommittal.
You were not hungry.

You visited 1 branch of the dungeon, and saw 3 of its levels.

You collected 165 gold pieces.
You paid 27 gold pieces to Gozag.

Inventory:

Hand Weapons
 a - a +2 dagger
 b - a +0 blowgun
 k - a +0 short sword of speed
 r - a cursed +0 falchion (weapon)
Missiles
 e - 8 poisoned needles
 f - 2 curare-tipped needles
Armour
 c - a +1 robe (worn)
 d - a +0 cloak (worn)
 i - a +0 leather armour
Jewellery
 h - a cursed amulet of inaccuracy (around neck)
 j - a ring of poison resistance (left hand)
Scrolls
 o - 3 scrolls of identify
 p - 2 scrolls of fog
 s - a scroll of fear
Potions
 m - a potion of heal wounds
 n - a potion of cancellation
Books
 q - a book of Debilitation

   Spells                             Type                      Level
   a - Corona                         Hexes                        1
   b - Slow                           Hexes                        2
   c - Gell's Gravitas                Hexes/Translocation          3
   d - Inner Flame                    Hexes/Fire                   3
   e - Cause Fear                     Hexes                        4
   f - Leda's Liquefaction            Hexes/Earth                  4
Comestibles
 g - 2 bread rations
 l - a slice of pizza


   Skills:
 + Level 1.7 Fighting
 + Level 2.5 Short Blades
 + Level 2.1 Throwing
 + Level 2.6 Dodging
 + Level 7.7 Stealth


You had 2 spell levels left.
You knew the following spells:

 Your Spells              Type           Power        Failure   Level  Hunger
a - Corona                Hex            #......      34%         1    ##.....


Dungeon Overview and Level Annotations

Branches:
Dungeon (3/15)

Altars:
Gozag


Innate Abilities, Weirdness & Mutations

You are tiny and cannot use many weapons and most armour.
You have supernaturally acute eyesight.
You are a herbivore.
You cover ground extremely quickly.
You need consume almost no food.


Message History

The goblin is almost dead.
The bat barely misses you. The giant newt closely misses you.
The goblin completely misses you.
You miss the goblin.
The goblin is almost dead.
The bat closely misses you. The giant newt closely misses you.
The goblin hits you.
* * * LOW HITPOINT WARNING * * *
You hit the goblin.
You kill the goblin!
The bat completely misses you. The giant newt closely misses you.
The giant newt completely misses you.
Things that are here:
6 gold pieces; a scroll labeled XUASADW KEAX The bat closely misses you.
You hit the giant newt but do no damage.
The bat completely misses you. The giant newt misses you.
The giant newt bites you.
You die...
Your body crumbles into a pile of gold.

#.# ###.##.# #.. #...
#.# #
.###.######.####.######
.......................<
..###..........#........
.....#..................
.........(..............
....!...................
...#..@.b....).........
.....#..l$..............
..........##$$.#........
#.#####..........>......
......#.............
.......#.###.........
..........###.........
......................
####.....#####........


You could see a bat and a giant newt.

Vanquished Creatures
  3 adders (D:2)
  A worm (D:2)
  An orc (D:3)
  7 bats
  A giant cockroach (D:2)
  2 hobgoblins
  2 jackals (D:1)
  5 kobolds
  A quokka (D:2)
  3 giant geckos (D:2)
  3 giant newts
  9 goblins
  6 rats
44 creatures vanquished.

Notes
Turn   | Place    | Note
--------------------------------------------------------------
     0 | D:1      | Heronus the Spriggan Assassin began the quest for the Orb.
     0 | D:1      | Reached XP level 1. HP: 10/10 MP: 2/2
    16 | D:1      | Reached skill level 6 in Stealth
   232 | D:1      | Reached XP level 2. HP: 14/14 MP: 3/3
   932 | D:2      | Reached skill level 7 in Stealth
  1074 | D:2      | Reached XP level 3. HP: 16/18 MP: 4/4
  1544 | D:2      | Found an opulent altar of Gozag.
  1561 | D:2      | Became a worshipper of Gozag Ym Sagoz the Greedy
  1860 | D:3      | Learned a level 1 spell: Corona
  2037 | D:3      | Reached XP level 4. HP: 12/23 MP: 5/5
  2113 | D:3      | Slain by a giant newt

Action                   |  1- 3 |  4- 6 || total
-------------------------+-------+-------++-------
Melee: Dagger            |    19 |       ||    19
       Short sword       |    63 |       ||    63
       Falchion          |    29 |    37 ||    66
  Use: Potion            |     4 |       ||     4
       Scroll            |     7 |       ||     7
 Stab: Sleeping          |    18 |       ||    18
